[ AOE2 MATCH · #506132850 ]
UnrankedKhmer vs Vikings
Player's team · WIN
Rival team · LOSS
[ REPLAY ANALYSIS · EXTRACTED FROM THE RECORDED GAME ]
Feudal
—
Castle
—
Imperial
—
| APM avg | 50.7 |
| APM peak | 109 |
| eAPM avg | 21.1 |
| Villagers / military | 83 / 35 |
Focus
⚔️ 25.2% · 🌾 74.8%
Knight ×13 · Skirmisher ×13 · Scout Cavalry ×9
Feudal
—
Castle
—
Imperial
—
| APM avg | 21.0 |
| APM peak | 63 |
| eAPM avg | 11.2 |
| Villagers / military | 68 / 49 |
Focus
⚔️ 33.6% · 🌾 66.4%
Archer ×21 · Spearman ×19 · Militia ×9
Match map
Initial resources + every placement click. Lines = walls · curves = elevation contours. ◆ gold · ⬟ stone · ● berries · ✦ relic · ◌ wall gap
Your base· Open — unwalled flank
Tanbifren's base· Open — unwalled flank
Smoothed initial terrain · ◌ = detected wall gap · hover for details
Inputs per minute
— ManyKitten76428 - - Tanbifren
Build order — ManyKitten76428
First 150 of 225 actions detected
| 0:01 | Queue | Villager (Male) |
| 0:01 | Queue | Villager (Male) |
| 0:01 | Queue | Villager (Male) |
| 0:01 | Queue | Villager (Male) |
| 0:01 | Queue | Villager (Male) |
| 0:01 | Queue | Villager (Male) |
| 0:01 | Queue | Villager (Male) |
| 0:02 | Queue | Villager (Male) |
| 0:02 | Queue | Villager (Male) |
| 0:02 | Queue | Villager (Male) |
| 0:02 | Queue | Villager (Male) |
| 0:02 | Queue | Villager (Male) |
| 0:03 | Build | House |
| 0:05 | Build | House |
| 1:19 | Queue | Villager (Male) |
| 1:55 | Queue | Villager (Male) |
| 1:55 | Queue | Villager (Male) |
| 2:21 | Queue | Villager (Male) |
| 2:21 | Queue | Villager (Male) |
| 2:36 | Build | Lumber Camp |
| 2:38 | Queue | Villager (Male) |
| 2:38 | Queue | Villager (Male) |
| 3:06 | Queue | Villager (Male) |
| 3:06 | Queue | Villager (Male) |
| 3:32 | Queue | Villager (Male) |
| 3:32 | Queue | Villager (Male) |
| 3:41 | Queue | Villager (Male) |
| 3:41 | Queue | Villager (Male) |
| 4:01 | Build | House |
| 4:07 | Build | House |
| 4:13 | Build | House |
| 4:21 | Queue | Villager (Male) |
| 4:29 | Queue | Villager (Male) |
| 4:29 | Queue | Villager (Male) |
| 4:30 | Queue | Villager (Male) |
| 5:01 | Build | Palisade Wall |
| 5:32 | Queue | Villager (Male) |
| 5:33 | Queue | Villager (Male) |
| 5:40 | Build | Mill |
| 6:10 | Build | Palisade Wall |
| 6:31 | Build | Palisade Wall |
| 6:33 | Build | Palisade Wall |
| 6:46 | Queue | Villager (Male) |
| 6:49 | Build | Palisade Wall |
| 6:56 | Build | Palisade Wall |
| 7:09 | Build | House |
| 7:12 | Build | Palisade Wall |
| 7:13 | Build | Palisade Wall |
| 7:20 | Research | Loom |
| 7:24 | Build | House |
| 7:38 | Research | Feudal Age |
| 7:54 | Build | Palisade Wall |
| 8:38 | Build | Palisade Wall |
| 9:33 | Queue | Villager (Male) |
| 9:34 | Queue | Villager (Male) |
| 10:06 | Build | Stable |
| 10:17 | Build | Mill |
| 10:25 | Queue | Villager (Male) |
| 10:43 | Build | Blacksmith |
| 10:46 | Queue | Villager (Male) |
| 10:54 | Queue | Scout Cavalry |
| 10:55 | Queue | Scout Cavalry |
| 10:55 | Queue | Scout Cavalry |
| 11:15 | Build | Palisade Wall |
| 11:23 | Build | Palisade Wall |
| 11:25 | Build | Palisade Wall |
| 11:35 | Build | Palisade Wall |
| 11:36 | Build | Palisade Wall |
| 11:45 | Build | Palisade Wall |
| 11:47 | Build | Palisade Wall |
| 11:49 | Build | Palisade Wall |
| 11:54 | Build | Palisade Wall |
| 12:10 | Build | Palisade Wall |
| 12:30 | Build | Palisade Wall |
| 12:31 | Build | Palisade Wall |
| 12:55 | Build | House |
| 13:03 | Build | Palisade Wall |
| 13:09 | Build | Mining Camp |
| 13:16 | Queue | Scout Cavalry |
| 13:16 | Queue | Scout Cavalry |
| 13:16 | Queue | Scout Cavalry |
| 13:17 | Queue | Villager (Male) |
| 13:18 | Queue | Villager (Male) |
| 13:28 | Build | Lumber Camp |
| 13:51 | Queue | Villager (Male) |
| 13:52 | Queue | Villager (Male) |
| 14:10 | Build | Palisade Wall |
| 14:12 | Build | Palisade Wall |
| 14:13 | Build | Palisade Wall |
| 14:18 | Build | Palisade Wall |
| 14:22 | Build | Palisade Wall |
| 14:28 | Build | Farm |
| 14:44 | Build | Archery Range |
| 14:49 | Queue | Villager (Male) |
| 15:09 | Build | Farm |
| 15:12 | Research | Double-Bit Axe |
| 15:26 | Build | Farm |
| 15:33 | Queue | Skirmisher |
| 15:33 | Queue | Skirmisher |
| 15:33 | Queue | Skirmisher |
| 16:00 | Queue | Villager (Male) |
| 16:00 | Queue | Villager (Male) |
| 16:36 | Build | Palisade Wall |
| 16:38 | Build | Palisade Wall |
| 16:48 | Build | Lumber Camp |
| 16:49 | Queue | Villager (Male) |
| 16:50 | Queue | Villager (Male) |
| 17:24 | Build | Farm |
| 17:26 | Build | Farm |
| 17:27 | Build | Farm |
| 17:46 | Build | Farm |
| 17:52 | Build | Farm |
| 17:58 | Build | Farm |
| 18:00 | Queue | Villager (Male) |
| 18:00 | Queue | Villager (Male) |
| 18:00 | Queue | Villager (Male) |
| 18:06 | Build | Farm |
| 18:30 | Build | Farm |
| 18:35 | Build | Farm |
| 18:39 | Build | Farm |
| 18:52 | Queue | Villager (Male) |
| 18:52 | Queue | Villager (Male) |
| 19:04 | Build | Farm |
| 19:07 | Build | Farm |
| 19:20 | Queue | Villager (Male) |
| 19:20 | Queue | Villager (Male) |
| 19:25 | Build | Mining Camp |
| 19:32 | Build | House |
| 19:39 | Build | House |
| 20:01 | Queue | Scout Cavalry |
| 20:01 | Queue | Scout Cavalry |
| 20:01 | Queue | Scout Cavalry |
| 20:08 | Build | Farm |
| 20:15 | Build | House |
| 20:20 | Queue | Villager (Male) |
| 20:22 | Build | House |
| 20:40 | Queue | Villager (Male) |
| 20:40 | Queue | Villager (Male) |
| 20:47 | Build | Farm |
| 20:50 | Build | Farm |
| 20:51 | Build | Farm |
| 20:55 | Build | House |
| 20:57 | Build | House |
| 21:26 | Queue | Villager (Male) |
| 21:31 | Build | Farm |
| 21:39 | Research | Horse Collar |
| 22:20 | Research | Castle Age |
| 22:43 | Build | Archery Range |
| 22:48 | Queue | Villager (Male) |
| 22:48 | Queue | Villager (Male) |
Build order — Tanbifren
First 150 of 179 actions detected
| 0:02 | Build | House |
| 0:03 | Queue | Villager (Male) |
| 0:03 | Queue | Villager (Male) |
| 0:03 | Queue | Villager (Male) |
| 0:04 | Build | House |
| 1:28 | Queue | Villager (Male) |
| 1:29 | Queue | Villager (Male) |
| 2:33 | Queue | Villager (Male) |
| 2:34 | Queue | Villager (Male) |
| 2:34 | Queue | Villager (Male) |
| 2:53 | Queue | Villager (Male) |
| 3:16 | Build | Lumber Camp |
| 3:22 | Queue | Villager (Male) |
| 3:33 | Build | House |
| 4:01 | Queue | Villager (Male) |
| 4:02 | Queue | Villager (Male) |
| 5:40 | Queue | Villager (Male) |
| 5:40 | Queue | Villager (Male) |
| 5:41 | Queue | Villager (Male) |
| 5:41 | Queue | Villager (Male) |
| 5:45 | Build | House |
| 5:57 | Queue | Villager (Male) |
| 6:57 | Build | Barracks |
| 7:56 | Research | Feudal Age |
| 8:16 | Build | Mining Camp |
| 8:18 | Queue | Militia |
| 8:29 | Build | House |
| 8:40 | Queue | Militia |
| 8:40 | Queue | Militia |
| 9:06 | Queue | Militia |
| 9:14 | Build | House |
| 9:23 | Build | Mill |
| 9:31 | Queue | Militia |
| 10:09 | Research | Man-at-Arms (upgrade) |
| 11:00 | Queue | Spearman |
| 11:01 | Queue | Spearman |
| 11:36 | Queue | Villager (Male) ×2 |
| 12:03 | Research | Arson |
| 12:27 | Queue | Villager (Male) |
| 12:51 | Build | Archery Range |
| 12:52 | Build | Archery Range |
| 12:59 | Queue | Villager (Male) |
| 13:17 | Queue | Villager (Male) |
| 13:58 | Queue | Villager (Male) |
| 14:01 | Research | Double-Bit Axe |
| 14:06 | Build | House |
| 14:12 | Build | Mill |
| 14:36 | Queue | Spearman |
| 14:38 | Queue | Villager (Male) |
| 15:01 | Queue | Archer |
| 15:01 | Queue | Archer |
| 15:04 | Queue | Villager (Male) |
| 15:04 | Queue | Villager (Male) |
| 15:13 | Build | Farm |
| 15:14 | Build | Farm |
| 15:14 | Build | Farm |
| 15:14 | Build | Farm |
| 15:14 | Build | Farm |
| 15:14 | Build | Farm |
| 15:15 | Build | Farm |
| 15:15 | Build | Farm |
| 15:16 | Build | Farm |
| 15:16 | Build | Farm |
| 15:17 | Build | Farm |
| 15:17 | Build | Farm |
| 15:17 | Build | Farm |
| 15:32 | Queue | Spearman |
| 15:50 | Build | Farm |
| 15:51 | Build | Farm |
| 16:37 | Queue | Villager (Male) |
| 17:25 | Queue | Villager (Male) |
| 17:34 | Queue | Villager (Male) |
| 17:47 | Build | Farm |
| 18:06 | Build | Blacksmith |
| 18:12 | Queue | Villager (Male) |
| 18:17 | Queue | Villager (Male) |
| 18:37 | Queue | Villager (Male) |
| 18:37 | Queue | Villager (Male) |
| 18:50 | Build | Farm |
| 18:50 | Build | Farm |
| 18:51 | Build | Farm |
| 18:53 | Build | Farm |
| 18:57 | Build | Farm |
| 19:05 | Queue | Villager (Male) |
| 19:21 | Build | House |
| 19:28 | Build | House |
| 19:36 | Queue | Villager (Male) |
| 19:50 | Build | Mill |
| 20:19 | Queue | Villager (Male) |
| 20:34 | Queue | Spearman |
| 20:38 | Queue | Villager (Male) |
| 21:13 | Queue | Villager (Male) |
| 21:23 | Build | Lumber Camp |
| 21:36 | Build | Palisade Wall |
| 22:13 | Queue | Villager (Male) |
| 22:13 | Queue | Villager (Male) |
| 22:24 | Research | Castle Age |
| 22:29 | Queue | Spearman |
| 22:33 | Queue | Archer |
| 22:33 | Queue | Archer |
| 22:43 | Research | Gold Mining |
| 22:48 | Research | Horse Collar |
| 23:14 | Queue | Spearman |
| 23:14 | Queue | Spearman |
| 23:19 | Queue | Archer |
| 23:19 | Queue | Archer |
| 23:32 | Research | Fletching |
| 23:38 | Queue | Villager (Male) |
| 23:46 | Queue | Spearman |
| 23:49 | Queue | Archer |
| 23:49 | Queue | Archer |
| 24:10 | Build | Mining Camp |
| 24:19 | Queue | Villager (Male) |
| 24:19 | Queue | Villager (Male) |
| 24:23 | Build | House |
| 24:26 | Build | House |
| 24:28 | Build | House |
| 24:30 | Build | House |
| 24:38 | Queue | Archer |
| 24:38 | Queue | Archer |
| 24:41 | Queue | Spearman |
| 24:57 | Queue | Spearman |
| 25:19 | Build | Barracks |
| 25:25 | Queue | Villager (Male) |
| 25:31 | Research | Crossbowman (upgrade) |
| 25:35 | Research | Pikeman (upgrade) |
| 26:06 | Queue | Villager (Male) ×5 |
| 26:23 | Research | Bow Saw |
| 26:35 | Queue | Villager (Male) |
| 26:42 | Queue | Villager (Male) |
| 26:46 | Research | Heavy Plow |
| 26:53 | Queue | Archer |
| 26:53 | Queue | Archer |
| 27:00 | Queue | Spearman |
| 27:29 | Queue | Villager (Male) |
| 27:30 | Queue | Villager (Male) |
| 27:48 | Build | Town Center |
| 27:56 | Queue | Militia |
| 27:56 | Queue | Militia |
| 28:12 | Queue | Villager (Male) |
| 28:12 | Queue | Villager (Male) |
| 28:19 | Build | House |
| 28:38 | Queue | Archer |
| 28:38 | Queue | Archer |
| 28:42 | Queue | Militia |
| 28:42 | Queue | Militia |
| 28:54 | Queue | Villager (Male) |
| 29:09 | Queue | Spearman |
| 29:30 | Research | Long Swordsman (upgrade) |
| 29:45 | Queue | Archer |
Match timeline
| 5:01 | ManyKitten76428 · wall_segment Palisade Wall x8 |
| 6:10 | ManyKitten76428 · wall_segment Palisade Wall x3 |
| 6:31 | ManyKitten76428 · wall_segment Palisade Wall x3 |
| 6:33 | ManyKitten76428 · wall_segment Palisade Wall x6 |
| 6:49 | ManyKitten76428 · wall_segment Palisade Wall x7 |
| 6:56 | ManyKitten76428 · wall_segment Palisade Wall x5 |
| 6:57 | Tanbifren · first_building Barracks |
| 7:12 | ManyKitten76428 · wall_segment Palisade Wall x1 |
| 7:13 | ManyKitten76428 · wall_segment Palisade Wall x1 |
| 7:54 | ManyKitten76428 · wall_segment Palisade Wall x6 |
| 8:38 | ManyKitten76428 · wall_segment Palisade Wall x1 |
| 10:06 | ManyKitten76428 · first_building Stable |
| 11:15 | ManyKitten76428 · wall_segment Palisade Wall x1 |
| 11:23 | ManyKitten76428 · wall_segment Palisade Wall x1 |
| 11:25 | ManyKitten76428 · wall_segment Palisade Wall x1 |
| 11:35 | ManyKitten76428 · wall_segment Palisade Wall x1 |
| 11:36 | ManyKitten76428 · wall_segment Palisade Wall x1 |
| 11:45 | ManyKitten76428 · wall_segment Palisade Wall x1 |
| 11:47 | ManyKitten76428 · wall_segment Palisade Wall x1 |
| 11:49 | ManyKitten76428 · wall_segment Palisade Wall x1 |
| 11:54 | ManyKitten76428 · wall_segment Palisade Wall x1 |
| 12:10 | ManyKitten76428 · wall_segment Palisade Wall x1 |
| 12:30 | ManyKitten76428 · wall_segment Palisade Wall x1 |
| 12:31 | ManyKitten76428 · wall_segment Palisade Wall x1 |
| 12:51 | Tanbifren · first_building Archery Range |
| 13:03 | ManyKitten76428 · wall_segment Palisade Wall x1 |
| 14:10 | ManyKitten76428 · wall_segment Palisade Wall x1 |
| 14:12 | ManyKitten76428 · wall_segment Palisade Wall x1 |
| 14:13 | ManyKitten76428 · wall_segment Palisade Wall x1 |
| 14:18 | ManyKitten76428 · wall_segment Palisade Wall x1 |
| 14:22 | ManyKitten76428 · wall_segment Palisade Wall x1 |
| 14:44 | ManyKitten76428 · first_building Archery Range |
| 16:36 | ManyKitten76428 · wall_segment Palisade Wall x1 |
| 16:38 | ManyKitten76428 · wall_segment Palisade Wall x1 |
| 21:36 | Tanbifren · wall_segment Palisade Wall x13 |
| 31:47 | ManyKitten76428 · first_building Siege Workshop |
| 31:56 | ManyKitten76428 · first_building Castle |
| 33:48 | Tanbifren · resign |
[ AI ANALYSIS · 1 CREDIT ]
What really happened in this match?
Wolo.gg analyzes every decision: build order, eco, micro, common mistakes by bracket. Personalized analysis on WhatsApp or Discord in 30 seconds.
Civ guide
Khmer
Perfil
Jugador #15948060